 Dungeon Crawl Stone Soup version 0.26.0-18-gc5c842f807 (webtiles) character file.

Game seed: 12284461511716355212

325 kaeus the Skirmisher (level 6, -3/49 HPs)
             Began as a Demonspawn Fighter on Jan 23, 2021.
             Was an Initiate of Trog.
             Slain by Sigmund
             ... wielding a +5 scythe of distortion
              (4 damage)
             ... on level 4 of the Dungeon.
             The game lasted 00:04:22 (3245 turns).

kaeus the Skirmisher (Demonspawn Fighter)           Turns: 3245, Time: 00:04:23

Health: -3/49      AC:  8    Str: 18 (20) XL:     6   Next: 24%
Magic:  0/6        EV:  7    Int: 13 (15) God:    Trog [......]
Gold:   140        SH:  9    Dex: 12 (13) Spells: 5/5 levels left

rFire    + . .     SeeInvis .   a - +0 war axe
rCold    + . .     Faith    .   c - +0 kite shield
rNeg     . . .     Spirit   +   b - +0 scale mail
rPois    .         Reflect  .   x - +0 hat
rElec    .         Harm     .   (no cloak)
rCorr    .         Rampage  .   l - +0 pair of gloves
Will     .....                  (no boots)
Stlth    ..........             (no amulet)
HPRegen  0.16/turn              j - ring of protection from cold
MPRegen  0.10/turn              u - ring of protection from fire

@: no status effects
A: clever 1, mutation resistance 1, strong 1, magic shield, big brain 2
a: Renounce Religion


You were on level 4 of the Dungeon.
You worshipped Trog.
Trog was noncommittal.
You visited 2 branches of the dungeon, and saw 5 of its levels.

You collected 140 gold pieces.

Inventory:

Hand Weapons
 a - a +0 war axe (weapon)
Armour
 b - a +0 scale mail (worn)
 c - a +0 kite shield (worn)
 l - a +0 pair of gloves (worn)
 x - a +0 hat (worn)
Jewellery
 f - an uncursed ring of protection from fire
 j - a ring of protection from cold (left hand)
 u - a ring of protection from fire (right hand)
Scrolls
 h - a scroll of enchant weapon {unknown}
 n - 2 scrolls of noise {unknown}
 o - 3 scrolls of teleportation {unknown}
 p - 2 scrolls of identify {unknown}
 q - a scroll of magic mapping {unknown}
 s - 2 scrolls of immolation {unknown}
 v - 2 scrolls of remove curse {unknown}
 w - a scroll of amnesia {unknown}
 y - a scroll of enchant armour {unknown}
Potions
 d - 2 potions of might
 e - 2 potions of haste
 g - 2 potions of degeneration
 k - 2 potions of attraction
 t - a potion of brilliance


   Skills:
 + Level 4.3 Fighting
 + Level 3.3 Axes
 + Level 3.9 Armour
 + Level 3.9 Shields


You had 5 spell levels left.
You didn't know any spells.
Your spell library was empty.

Dungeon Overview and Level Annotations

Branches:
Dungeon (4/15)             Temple (1/1) D:4

Altars:
Ashenzari
Cheibriados
Dithmenos
Elyvilon
Fedhas
Gozag
Hepliaklqana
Kikubaaqudgha
Makhleb
Nemelex Xobeh
Okawaru
Qazlal
Ru
Trog
Vehumet
Xom
Yredelemnul
Zin
The Shining One

Annotations:
D:4 Sigmund


Innate Abilities, Weirdness & Mutations

When hurt, damage is shared between your health and your magic reserves.
You have an extremely huge brain. (Int +4)
Your mind is acute. (Int +2)
You are somewhat resistant to further mutation.
Your muscles are strong. (Str +2)


Message History

The phantom blinks!
Something hits you. Space bends around you.
You take 4 damage, and have 30/49 hp.
You slash something! You closely miss something.
You hear some strange, mumbled words.
A magic dart appears from out of thin air!
The magic dart hits you but does no damage.
Something hits you but does no damage. Space warps horribly around you!
You take 11 damage, and have 19/49 hp.
MASSIVE DAMAGE!!
You now have 2/6 mp.
You hear some strange, mumbled words.
Something tries to affect you, but you resist.
Something hits you!
* * * LOW HITPOINT WARNING * * *
Space bends around you.
* * * LOW HITPOINT WARNING * * *
You take 12 damage, and have 7/49 hp.
MASSIVE DAMAGE!!
You now have 1/6 mp.
Something hits you.
* * * LOW HITPOINT WARNING * * *
Space bends around you.
You die...

############.####
........@........
######{####.####
#W# #
#######h####.#####
...W......†.......
###.###.####.#.?..
#.# .. . #.# ...
#.# !(.


You could see a phantom and a hound.

Vanquished Creatures
  Duvessa (D:4)
  Dowan (D:4)
  An orc wizard (D:3)
  Jessica (D:2)
  3 adders
  An ufetubus (D:3)
  An adder skeleton (D:4)
  2 dart slugs (D:1)
  5 leopard geckos
  7 orcs
  2 giant cockroaches
  6 goblins
  7 hobgoblins
  3 quokkas
  A ball python (D:3)
  6 bats
  6 frilled lizards
  7 rats
61 creatures vanquished.

Notes
Turn   | Place    | Note
-------+----------+-------------------------------------------
     0 | D:1      | kaeus the Demonspawn Fighter began the quest for the Orb.
     0 | D:1      | Reached XP level 1. HP: 18/18 MP: 1/1
   340 | D:1      | Gained mutation: When hurt, damage is shared between your
                  | health and your magic reserves. [demonic ancestry]
   340 | D:1      | Reached XP level 2. HP: 23/24 MP: 2/2
   866 | D:1      | Gained mutation: You have an unusually large brain. (Int
                  | +2) [demonic ancestry]
   866 | D:1      | Reached XP level 3. HP: 20/29 MP: 1/3
  1323 | D:2      | Noticed Jessica
  1338 | D:2      | Killed Jessica
  1339 | D:2      | Reached XP level 4. HP: 34/35 MP: 4/4
  2223 | D:3      | Found a radiant altar of Vehumet.
  2308 | D:3      | Reached XP level 5. HP: 41/42 MP: 5/5
  2633 | D:4      | Found a staircase to the Ecumenical Temple.
  2652 | D:4      | Noticed Duvessa
  2666 | D:4      | Noticed Dowan
  2674 | D:4      | Killed Duvessa
  2675 | D:4      | Reached skill level 4 in Fighting
  2690 | D:4      | HP: 1/42 [orc/javelin (3)]
  2693 | D:4      | Gained mutation: You occasionally shout uncontrollably at
                  | your foes. [potion of mutation]
  2693 | D:4      | Gained mutation: Your system is resistant to poisons.
                  | (rPois) [potion of mutation]
  2700 | D:4      | HP: 1/42 [Dowan/stone arrow (10)]
  2711 | D:4      | Killed Dowan
  2712 | D:4      | Gained mutation: You have an extremely huge brain. (Int +4)
                  | [demonic ancestry]
  2712 | D:4      | Reached XP level 6. HP: 14/49 MP: 0/6
  2839 | Temple   | Entered the Ecumenical Temple
  2847 | Temple   | Became a worshipper of Trog the Wrathful
  2848 | Temple   | Lost mutation: You occasionally shout uncontrollably at
                  | your foes. [potion of mutation]
  2848 | Temple   | Lost mutation: Your system is resistant to poisons. (rPois)
                  | [potion of mutation]
  2848 | Temple   | Gained mutation: You are dopey. (Int -2) [potion of
                  | mutation]
  2848 | Temple   | Gained mutation: You possess an exceptional clarity of
                  | mind. [potion of mutation]
  2848 | Temple   | Gained mutation: You are strong-willed. (Will+) [potion of
                  | mutation]
  2849 | Temple   | Lost mutation: You possess an exceptional clarity of mind.
                  | [potion of mutation]
  2849 | Temple   | Lost mutation: You are strong-willed. (Will+) [potion of
                  | mutation]
  2849 | Temple   | Lost mutation: You are dopey. (Int -2) [potion of mutation]
  2849 | Temple   | Gained mutation: Your spells are a little easier to cast,
                  | but a little less powerful. [potion of mutation]
  2849 | Temple   | Lost mutation: Your spells are a little easier to cast, but
                  | a little less powerful. [potion of mutation]
  2850 | Temple   | Gained mutation: Your muscles are strong. (Str +2) [potion
                  | of mutation]
  2850 | Temple   | Gained mutation: Your mind is acute. (Int +2) [potion of
                  | mutation]
  2850 | Temple   | Gained mutation: You are somewhat resistant to further
                  | mutation. [potion of mutation]
  3222 | D:4      | Noticed Sigmund
  3245 | D:4      | HP: 1/49 [something (6)]
  3245 | D:4      | Slain by Sigmund

Illustrated notes

Levels and vault maps discovered:
D:1:      tarquinn_simple_flora_water_d, layout_basic, interstate_on_off
D:2:      layout_rooms, uniq_jessica
D:3:      layout_basic, fiery_altar_vehumet
D:4:      layout_basic, minmay_temple_entry_glassed_door, minmay_circle_x,
          uniq_duvessa, uniq_sigmund, uniq_crazy_yiuf_cottage
Temple:   nicolae_temple_no_exploring_needed

Skill      XL: |  1  2  3  4  5 |
---------------+----------------+-----
Axes           | 2 3 |  3.3
Shields        | 3 |  3.9
Armour         | 3 |  3.9
Fighting       | 4 |  4.3

Action                   |  1- 3 |  4- 6 || total
-------------------------+-------+-------++-------
Melee: War axe           |   109 |   139 ||   248
  Use: Potion            |       |    11 ||    11
Armor: Scale mail        |    57 |    63 ||   120
Dodge: Dodged            |    28 |    36 ||    64
Block: Kite shield       |    62 |    80 ||   142
